TOP OF THE 1ST |
Niagara Falls Expos batting - Pitching for Syracuse Storm : RHP Jorge Carranza
|
Pitching: RHP Jorge Carranza
|
|
Batting: RHB Jaime Moya
|
0-0: Foul Ball, location: 2F 0-1: Ball 1-1: SINGLE (Groundball, 34D)
|
Batting: SHB Robert La Caze
|
0-0: Swinging Strike 0-1: Ball Throwing error on steal attempt, E2 Jaime Moya to third 1-1: Fly out, F9 (Line Drive, 89M) Runner from 3rd tags up, SCORES, no throw
|
Batting: RHB Ramón Soto
|
0-0: Called Strike 0-1: Ball 1-1: Swinging Strike 1-2: Ball 2-2: SINGLE (Line Drive, 34)
|
Batting: RHB Bogumil Tiwontschik
|
0-0: Ball 1-0: Swinging Strike 1-1: Ball 2-1: Fly out, F5 (Line Drive, 5L)
|
Batting: RHB Cosmo Castanhedo
|
0-0: Foul Ball, location: 2F 0-1: Ball 1-1: Ball 2-1: Ball 3-1: Called Strike 3-2: SINGLE (Flyball, 8RS) Ramón Soto to second Ramón Soto to third
|
Batting: LHB Júlio Ibarra
|
0-0: Called Strike 0-1: Ball 1-1: Ball 2-1: Ball 3-1: Base on Balls Cosmo Castanhedo to second
|
Batting: LHB Bartholomew Bailey
|
0-0: Called Strike 0-1: Foul Ball, location: 2F 0-2: Strikes out looking
|
Top of the 1st over - 1 run(s), 3 hit(s), 1 error(s), 3 left on base; Niagara Falls 1 - Syracuse 0 |
BOTTOM OF THE 1ST |
Syracuse Storm batting - Pitching for Niagara Falls Expos : RHP Javier Contreras
|
Pitching: RHP Javier Contreras
|
|
Batting: RHB Tom Boyer
|
0-0: Ball 1-0: Fly out, F6 (Line Drive, 6)
|
Batting: LHB Hamilton Porter
|
0-0: Swinging Strike 0-1: Ball 1-1: Called Strike 1-2: Strikes out looking
|
Batting: LHB William Duffy
|
0-0: Ground out 1-3 (Groundball, 13)
|
Bottom of the 1st over - 0 run(s), 0 hit(s), 0 error(s), 0 left on base; Niagara Falls 1 - Syracuse 0 |
TOP OF THE 2ND |
Niagara Falls Expos batting - Pitching for Syracuse Storm : RHP Jorge Carranza
|
Batting: SHB Jason Watts
|
0-0: Called Strike 0-1: DOUBLE (Line Drive, 89M) - OUT at third base trying to stretch hit.
|
Batting: RHB Dan Workman
|
0-0: Ball 1-0: Ground out 3-1 (Groundball, 34)
|
Batting: RHB Jaime Moya
|
0-0: Fly out, F9 (Flyball, 9)
|
Top of the 2nd over - 0 run(s), 1 hit(s), 0 error(s), 0 left on base; Niagara Falls 1 - Syracuse 0 |
BOTTOM OF THE 2ND |
Syracuse Storm batting - Pitching for Niagara Falls Expos : RHP Javier Contreras
|
Batting: LHB António Paez
|
0-0: Ball 1-0: SINGLE (Line Drive, 78S)
|
Batting: LHB Juan Jimínez
|
0-0: Called Strike 0-1: Called Strike 0-2: Foul Ball, location: 2F 0-2: Ball 1-2: Ball 2-2: Strikes out swinging
|
Batting: LHB Myron Rosenbalm
|
0-0: Ball 1-0: Foul Ball, location: 2F 1-1: Foul Ball, location: 2F 1-2: Fly out, F8 (Flyball, 8LM)
|
Batting: LHB Mike Clifton
|
0-0: Called Strike 0-1: Ball 1-1: Called Strike 1-2: Foul Ball, location: 2F 1-2: Foul Ball, location: 2F 1-2: Foul Ball, location: 2F 1-2: Fielders Choice at 2nd, 4-6 (Groundball, 4)
|
Bottom of the 2nd over - 0 run(s), 1 hit(s), 0 error(s), 0 left on base; Niagara Falls 1 - Syracuse 0 |
TOP OF THE 3RD |
Niagara Falls Expos batting - Pitching for Syracuse Storm : RHP Jorge Carranza
|
Batting: SHB Robert La Caze
|
0-0: Fly out, F8 (Flyball, 8RM)
|
Batting: RHB Ramón Soto
|
0-0: Called Strike 0-1: Ball 1-1: SINGLE (Flyball, 8LS)
|
Batting: RHB Bogumil Tiwontschik
|
0-0: Ball 1-0: Ball 2-0: SINGLE (Line Drive, 78S) Ramón Soto to second
|
Batting: RHB Cosmo Castanhedo
|
0-0: Swinging Strike 0-1: Ball 1-1: Ball 2-1: Foul Ball, location: 2F 2-2: Strikes out looking
|
Batting: LHB Júlio Ibarra
|
0-0: Ball 1-0: Ball 2-0: Called Strike 2-1: Ball 3-1: Foul Ball, location: 2F 3-2: Foul Ball, location: 2F 3-2: Base on Balls Ramón Soto to third Bogumil Tiwontschik to second
|
Batting: LHB Bartholomew Bailey
|
0-0: Ball 1-0: Fielders Choice at 2nd, 6-4 (Groundball, 6)
|
Top of the 3rd over - 0 run(s), 2 hit(s), 0 error(s), 2 left on base; Niagara Falls 1 - Syracuse 0 |
BOTTOM OF THE 3RD |
Syracuse Storm batting - Pitching for Niagara Falls Expos : RHP Javier Contreras
|
Batting: RHB Tsuginori Kobayashi
|
0-0: Called Strike 0-1: Swinging Strike 0-2: Strikes out swinging
|
Batting: RHB Aethelwulf Haraldson
|
0-0: Ground out U3 (Groundball, 34)
|
Batting: RHB Tom Boyer
|
0-0: Called Strike 0-1: Ball 1-1: Ball 2-1: Swinging Strike 2-2: Ball 3-2: Foul Ball, location: 2F 3-2: Foul Ball, location: 2F 3-2: Foul Ball, location: 2F 3-2: Foul Ball, location: 2F 3-2: Fly out, F8 (Flyball, 78S)
|
Bottom of the 3rd over - 0 run(s), 0 hit(s), 0 error(s), 0 left on base; Niagara Falls 1 - Syracuse 0 |
TOP OF THE 4TH |
Niagara Falls Expos batting - Pitching for Syracuse Storm : RHP Jorge Carranza
|
Batting: SHB Jason Watts
|
0-0: Called Strike 0-1: Foul Ball, location: 2F 0-2: Fly out, F3 (Popup, 34)
|
Batting: RHB Dan Workman
|
0-0: Foul Ball, location: 2F 0-1: Ball 1-1: Foul Ball, location: 2F 1-2: Ball 2-2: Strikes out swinging
|
Batting: RHB Jaime Moya
|
0-0: Ball 1-0: Ball 2-0: Fly out, F7 (Flyball, 7)
|
Top of the 4th over - 0 run(s), 0 hit(s), 0 error(s), 0 left on base; Niagara Falls 1 - Syracuse 0 |
BOTTOM OF THE 4TH |
Syracuse Storm batting - Pitching for Niagara Falls Expos : RHP Javier Contreras
|
Batting: LHB Hamilton Porter
|
0-0: Ball 1-0: Ball 2-0: Foul Ball, location: 2F 2-1: Ball 3-1: Swinging Strike 3-2: Strikes out swinging
|
Batting: LHB William Duffy
|
0-0: Ball 1-0: Foul Ball, location: 2F 1-1: Ball 2-1: Ground out 5-3 (Groundball, 56)
|
Batting: LHB António Paez
|
0-0: Ball 1-0: Ball 2-0: Foul Ball, location: 2F 2-1: DOUBLE (Line Drive, 78M)
|
Batting: LHB Juan Jimínez
|
0-0: Ball 1-0: Ball 2-0: Called Strike 2-1: SINGLE (Flyball, 89S) António Paez to third Runner from 3rd tries for Home, SAFE, no throw
|
Batting: LHB Myron Rosenbalm
|
0-0: Called Strike 0-1: Called Strike 0-2: Ball 1-2: Ball 2-2: Ball Juan Jimínez steals 2nd base 3-2: Base on Balls
|
Batting: LHB Mike Clifton
|
0-0: Foul Ball, location: 2F 0-1: Foul Ball, location: 2F 0-2: Ball 1-2: Ball 2-2: Foul Ball, location: 2F 2-2: Strikes out looking
|
Bottom of the 4th over - 1 run(s), 2 hit(s), 0 error(s), 2 left on base; Niagara Falls 1 - Syracuse 1 |
TOP OF THE 5TH |
Niagara Falls Expos batting - Pitching for Syracuse Storm : RHP Jorge Carranza
|
Batting: SHB Robert La Caze
|
0-0: Called Strike 0-1: Ball 1-1: Ball 2-1: Swinging Strike 2-2: Strikes out swinging
|
Batting: RHB Ramón Soto
|
0-0: Called Strike 0-1: Foul Ball, location: 2F 0-2: Ground out 5-3 (Groundball, 56)
|
Batting: RHB Bogumil Tiwontschik
|
0-0: Foul Ball, location: 2F 0-1: Ball 1-1: Ball 2-1: Fly out, F7 (Flyball, 78S)
|
Top of the 5th over - 0 run(s), 0 hit(s), 0 error(s), 0 left on base; Niagara Falls 1 - Syracuse 1 |
BOTTOM OF THE 5TH |
Syracuse Storm batting - Pitching for Niagara Falls Expos : RHP Javier Contreras
|
Batting: RHB Tsuginori Kobayashi
|
0-0: Swinging Strike 0-1: Ball 1-1: Foul Ball, location: 2F 1-2: Ball 2-2: Ball 3-2: Base on Balls
|
Batting: RHB Aethelwulf Haraldson
|
0-0: Ball 1-0: Swinging Strike 1-1: Swinging Strike 1-2: Ball 2-2: Strikes out looking
|
Batting: RHB Tom Boyer
|
0-0: Swinging Strike 0-1: Foul Ball, location: 2F 0-2: Foul Ball, location: 2F 0-2: Foul Ball, location: 2F 0-2: Ball 1-2: Ball 2-2: Ball 3-2: Base on Balls Tsuginori Kobayashi to second
|
Batting: LHB Hamilton Porter
|
0-0: Called Strike Tsuginori Kobayashi steals 3rd base Tom Boyer to second 0-1: Ball 1-1: Ball 2-1: 3-RUN HOME RUN (Flyball, 8RXD), Distance : 451 ft
|
Batting: LHB William Duffy
|
0-0: Ball 1-0: Ball 2-0: Called Strike 2-1: Ball 3-1: Foul Ball, location: 2F 3-2: Strikes out looking
|
Batting: LHB António Paez
|
0-0: Called Strike 0-1: DOUBLE (Line Drive, 9)
|
Batting: LHB Juan Jimínez
|
0-0: Ball 1-0: Called Strike 1-1: Foul Ball, location: 2F 1-2: Ball 2-2: Strikes out swinging
|
Bottom of the 5th over - 3 run(s), 2 hit(s), 0 error(s), 1 left on base; Niagara Falls 1 - Syracuse 4 |
TOP OF THE 6TH |
Niagara Falls Expos batting - Pitching for Syracuse Storm : RHP Jorge Carranza
|
Batting: RHB Cosmo Castanhedo
|
0-0: Foul Ball, location: 2F 0-1: Ball 1-1: Called Strike 1-2: Ball 2-2: Ball 3-2: Ground out 1-3 (Groundball, 13S)
|
Batting: LHB Júlio Ibarra
|
0-0: Called Strike 0-1: Called Strike 0-2: Ball 1-2: Fly out, F7 (Flyball, 7LMF)
|
Batting: LHB Bartholomew Bailey
|
0-0: Ball 1-0: Called Strike 1-1: Ball 2-1: Foul Ball, location: 2F 2-2: Fly out, F5 (Popup, 56D)
|
Top of the 6th over - 0 run(s), 0 hit(s), 0 error(s), 0 left on base; Niagara Falls 1 - Syracuse 4 |
BOTTOM OF THE 6TH |
Syracuse Storm batting - Pitching for Niagara Falls Expos : RHP Javier Contreras
|
Batting: LHB Myron Rosenbalm
|
0-0: Ball 1-0: Ball 2-0: Called Strike 2-1: Foul Ball, location: 2F 2-2: Strikes out swinging
|
Batting: LHB Mike Clifton
|
0-0: Called Strike 0-1: Ball 1-1: Called Strike 1-2: Ball 2-2: Foul Ball, location: 2F 2-2: Foul Ball, location: 2F 2-2: Fly out, F8 (Flyball, 8RM)
|
Batting: RHB Tsuginori Kobayashi
|
0-0: Ball 1-0: Ball 2-0: Foul Ball, location: 2F 2-1: Foul Ball, location: 2F 2-2: Fly out, F4 (Flyball, 4D)
|
Bottom of the 6th over - 0 run(s), 0 hit(s), 0 error(s), 0 left on base; Niagara Falls 1 - Syracuse 4 |
TOP OF THE 7TH |
Niagara Falls Expos batting - Pitching for Syracuse Storm : RHP Jorge Carranza
|
Batting: SHB Jason Watts
|
0-0: Ball 1-0: Called Strike 1-1: Ground out 6-3 (Groundball, 6)
|
Batting: RHB Dan Workman
|
0-0: Fly out, F4 (Line Drive, 4M)
|
Batting: RHB Jaime Moya
|
0-0: Ball 1-0: Fly out, F9 (Flyball, 9D)
|
Top of the 7th over - 0 run(s), 0 hit(s), 0 error(s), 0 left on base; Niagara Falls 1 - Syracuse 4 |
BOTTOM OF THE 7TH |
Syracuse Storm batting - Pitching for Niagara Falls Expos : RHP Javier Contreras
|
Pitching: RHP Montrell Baxa
|
|
Batting: RHB Aethelwulf Haraldson
|
0-0: Ball 1-0: Swinging Strike 1-1: Ball 2-1: Ball 3-1: Called Strike 3-2: Foul Ball, location: 2F 3-2: Foul Ball, location: 2F 3-2: Foul Ball, location: 2F 3-2: SINGLE (Line Drive, 8RS)
|
Batting: RHB Tom Boyer
|
0-0: Bunted foul 0-1: Sac Bunt - play at first, batter OUT! 3-4 Aethelwulf Haraldson to second
|
Batting: LHB Hamilton Porter
|
0-0: Called Strike 0-1: Ball 1-1: Ball 2-1: SINGLE (Groundball, 4MD) Aethelwulf Haraldson to third Runner from 3rd tries for Home, throw and OUT!
|
Batting: LHB William Duffy
|
0-0: Ball 1-0: Ground out 5-3 (Groundball, 5S)
|
Bottom of the 7th over - 0 run(s), 2 hit(s), 0 error(s), 1 left on base; Niagara Falls 1 - Syracuse 4 |
TOP OF THE 8TH |
Niagara Falls Expos batting - Pitching for Syracuse Storm : RHP Jorge Carranza
|
Batting: SHB Robert La Caze
|
0-0: Called Strike 0-1: Ground out 4-3 (Groundball, 34)
|
Batting: RHB Ramón Soto
|
0-0: Foul Ball, location: 2F 0-1: Fly out, F9 (Flyball, 9S)
|
Batting: RHB Bogumil Tiwontschik
|
0-0: Fly out, F8 (Flyball, 8LM)
|
Top of the 8th over - 0 run(s), 0 hit(s), 0 error(s), 0 left on base; Niagara Falls 1 - Syracuse 4 |
BOTTOM OF THE 8TH |
Syracuse Storm batting - Pitching for Niagara Falls Expos : RHP Montrell Baxa
|
Batting: LHB António Paez
|
0-0: Fly out, F3 (Popup, 3S)
|
Batting: LHB Juan Jimínez
|
0-0: Ball 1-0: Swinging Strike 1-1: Ball 2-1: Ball 3-1: Base on Balls
|
Batting: LHB Myron Rosenbalm
|
0-0: Ground out 4-3 (Groundball, 34) Juan Jimínez to second
|
Batting: LHB Mike Clifton
|
0-0: Foul Ball, location: 2F 0-1: Fly out, F7 (Line Drive, 7)
|
Bottom of the 8th over - 0 run(s), 0 hit(s), 0 error(s), 1 left on base; Niagara Falls 1 - Syracuse 4 |
TOP OF THE 9TH |
Niagara Falls Expos batting - Pitching for Syracuse Storm : RHP Jorge Carranza
|
Pitching: LHP Jim Unknown
|
|
Batting: RHB Cosmo Castanhedo
|
0-0: Called Strike 0-1: Fly out, F9 (Flyball, 9)
|
Batting: LHB Júlio Ibarra
|
0-0: Ball 1-0: Swinging Strike 1-1: Swinging Strike 1-2: Fly out, F8 (Flyball, 8RM)
|
Batting: LHB Bartholomew Bailey
|
0-0: Called Strike 0-1: Called Strike 0-2: Ball 1-2: Ball 2-2: Foul Ball, location: 2F 2-2: Foul Ball, location: 2F 2-2: Ball 3-2: Strikes out swinging
|
Top of the 9th over - 0 run(s), 0 hit(s), 0 error(s), 0 left on base; Niagara Falls 1 - Syracuse 4 |
|